 Dungeon Crawl Stone Soup version 0.23.2-1-ga50397a (webtiles) character file.

Game seed: 16623315627635881217

551 Fang the Skirmisher (level 7, 0/44 HPs)
             Began as a Gargoyle Berserker on May 23, 2019.
             Was a Priest of Trog.
             Shot with an arrow by a centaur (5 damage)
             ... on level 5 of the Dungeon.
             The game lasted 00:06:17 (4593 turns).

Fang the Skirmisher (Gargoyle Berserker)            Turns: 4593, Time: 00:06:18

Health: 0/44       AC:  7    Str: 22    XL:     7   Next: 29%
Magic:  7/7        EV: 13    Int:  8    God:    Trog [***...]
Gold:   229        SH:  0    Dex:  9    Spells: 6/6 levels left

rFire    . . .     SeeInvis .   a - +0 hand axe
rCold    . . .     Gourm    .   (no shield)
rNeg     + . .     Faith    .   b - +0 animal skin
rPois    ∞         Spirit   .   (no helmet)
rElec    +         Reflect  .   (no cloak)
rCorr    .         Harm     .   (no gloves)
MR       .....                  (no boots)
Stlth    +.........             (no amulet)
HPRegen  0.14/turn              (no ring)
MPRegen  0.10/turn              (no ring)

@: no status effects
A: negative energy resistance 1, electricity resistance, unbreathing,
petrification resistance, rot immunity, AC +4
a: Berserk, Trog's Hand, Renounce Religion


You were on level 5 of the Dungeon.
You worshipped Trog.
Trog was most pleased with you.
You were not hungry.

You visited 1 branch of the dungeon, and saw 5 of its levels.

You collected 229 gold pieces.

Inventory:

Hand Weapons
 a - a +0 hand axe (weapon)
Armour
 b - a +0 animal skin (worn)
Jewellery
 h - an uncursed ring of poison resistance {unknown}
Scrolls
 d - 2 scrolls of teleportation {unknown}
 e - 10 scrolls of identify {unknown}
 f - a scroll of enchant armour {unknown}
 j - a scroll of blinking {unknown}
 o - a scroll of amnesia {unknown}
 q - 2 scrolls of magic mapping {unknown}
 r - 3 scrolls of noise {unknown}
 s - a scroll of random uselessness {unknown}
Potions
 g - 2 potions of curing {unknown}
 i - 2 potions of heal wounds {unknown}
 l - 2 potions of haste {unknown}
 m - a potion of brilliance {unknown}
 n - 2 potions of flight {unknown}
 p - 2 potions of berserk rage {unknown}
 t - a potion of magic {unknown}
Comestibles
 c - 10 rations


   Skills:
 + Level 5.2 Fighting
 + Level 4.3 Axes
 + Level 4.5 Armour
 + Level 3.4 Dodging


You had 6 spell levels left.
You didn't know any spells.
Your spell library was empty.

Dungeon Overview and Level Annotations

Branches:
Dungeon (5/15)             Temple (0/1) D:4

Altars:
Dithmenos
Kikubaaqudgha
Okawaru


Innate Abilities, Weirdness & Mutations

You are resistant to torment.
Your stone body is resilient. (AC +4)
You are immune to poison.
You resist negative energy. (rN+)
You are resistant to electric shocks. (rElec)
You can survive without breathing.
You are immune to petrification.
You are immune to rotting.


Message History

You are too injured to fight recklessly!
You are too injured to fight recklessly!
You are too injured to fight recklessly!
You are too injured to fight recklessly!
You are too injured to fight recklessly!
You are too injured to fight recklessly!
The centaur shoots an arrow.
The arrow hits you.
You see here an arrow.
The centaur shoots an arrow.
The arrow hits you.
The centaur shoots an arrow.
The arrow barely misses you.
You see here an arrow.
The crimson imp blinks!
The centaur shoots an arrow.
The arrow barely misses you.
There is a stone staircase leading up here.
The centaur shoots an arrow.
The arrow closely misses you.
The crimson imp blinks!
The centaur shoots an arrow.
The arrow hits you!
* * * LOW HITPOINT WARNING * * *
The centaur shoots an arrow.
The arrow hits you.
You die...

.#..............
................
................
..(.............
.....>........>
.......)...#
....(......# .
...........# #..
.......@...####....
...........#...c...
.........c.#...#...
........(.((.......
.......####........
......# #........
...... .........
...... ....§.#..
...... ....#.....


You could see a centaur.

Vanquished Creatures
  An ogre (D:5)
  2 orc priests (D:3)
  An orc wizard (D:3)
  A centaur skeleton (D:4)
  A gnoll shaman (D:4)
  2 worker ants (D:4)
  Robin (D:3)
  8 gnolls
  8 adders
  2 oozes
  3 worms
  4 leopard geckos
  7 orcs
  5 giant cockroaches
  18 goblins
  7 hobgoblins
  7 jackals
  3 kobolds
  A quokka (D:3)
  8 bats
  6 frilled lizards
  8 rats
104 creatures vanquished.

Notes
Turn   | Place    | Note
-------+----------+-------------------------------------------
     0 | D:1      | Fang the Gargoyle Berserker began the quest for the Orb.
     0 | D:1      | Reached XP level 1. HP: 14/14 MP: 1/1
   403 | D:1      | Reached XP level 2. HP: 19/19 MP: 2/2
  1076 | D:2      | Reached XP level 3. HP: 24/24 MP: 3/3
  1227 | D:2      | Reached ** piety under Trog
  1533 | D:2      | Found a shadowy altar of Dithmenos.
  1608 | D:2      | Reached XP level 4. HP: 28/29 MP: 4/4
  1822 | D:2      | Reached skill level 4 in Fighting
  2020 | D:2      | Found an ancient bone altar of Kikubaaqudgha.
  2410 | D:2      | Reached XP level 5. HP: 24/33 MP: 5/5
  2469 | D:3      | Noticed Robin
  2484 | D:3      | Killed Robin
  2619 | D:3      | Reached *** piety under Trog
  2630 | D:3      | Reached XP level 6. HP: 7/39 MP: 6/6
  2639 | D:3      | HP: 1/39 [orc/+0 club (3)]
  3427 | D:3      | Found an iron altar of Okawaru.
  3635 | D:4      | Reached skill level 5 in Fighting
  3779 | D:4      | Reached XP level 7. HP: 44/44 MP: 7/7
  4180 | D:4      | Found a staircase to the Ecumenical Temple.
  4497 | D:5      | Entered Level 5 of the Dungeon
  4593 | D:5      | Shot with an arrow by a centaur

Skill      XL: |  1  2  3  4  5  6 |
---------------+-------------------+-----
Axes           | 3 4 |  4.3
Dodging        | 2 3 |  3.4
Fighting       | 4 5 |  5.2
Armour         | 3 4 |  4.5

Action                   |  1- 3 |  4- 6 |  7- 9 || total
-------------------------+-------+-------+-------++-------
Melee: Hand axe          |   115 |   218 |    39 ||   372
Invok: Berserk           |     1 |     5 |     1 ||     7
       Trog's Hand       |       |     1 |       ||     1
 Stab: Sleeping          |       |     2 |       ||     2
  Eat: Chunk             |     3 |    12 |     4 ||    19
Armor: Animal skin       |    39 |    93 |    18 ||   150
Dodge: Dodged            |    87 |   204 |    36 ||   327
